[Event "EICC 2025"]
[Site "Eforie-Nord"]
[Date "2025.03.17"]
[Round "3.20"]
[White "Amar, Elham"]
[Black "Risteski, Emil"]
[Result "1/2-1/2"]
[Annotator "RC"]
[ECO "B45"]
[WhiteElo "2533"]
[BlackElo "2365"]
[PlyCount "205"]
[EventDate "2025.03.14"]
[EventType "swiss"]
[EventCountry "ROU"]
[SourceTitle "playchess.com"]
[Source "ChessBase"]
[SourceQuality "1"]
[TimeControl "40/5400+30:1800+30"]

1. e4 c5 2. Nf3 e6 3. d4 cxd4 4. Nxd4 Nf6 5. Nc3 Nc6 6. Nxc6 bxc6 7. e5 Nd5 8. Ne4 Qc7 9. f4 Qb6 10. c4 Ne3 11. Qd3 Bb4+ 12. Bd2 Ba6 13. Bxb4 Qxb4+ 14. Kf2 Qxb2+ 15. Be2 Nxc4 16. Rab1 Nxe5 17. fxe5 Qxe5 18. Qxa6 Qxe4 19. Rhd1 O-O 20. Bf3 Qc2+ 21. Kg1 g6 22. h3 Qc5+ 23. Kh1 Rfb8 24. Rxb8+ Rxb8 25. Rxd7 Rb1+ 26. Bd1 Qf2 27. Qd3 Rb2 28. Rd8+ Kg7 29. Qc3+ Kh6 30. Bf3 Rc2 31. Qa1 Rxa2 32. Qf6 Qe1+ 33. Kh2 Ra1 34. Rd4 Qg1+ 35. Kg3 Qe1+ 36. Kg4 Ra5 37. h4 Qe5 38. Qxe5 Rxe5 39. Rd7 Kg7 40. Rxa7 h5+ 41. Kg3 c5 42. Rc7 Kf8 43. Kf4 Rf5+ 44. Ke3 Re5+ 45. Kf4 Rf5+ 46. Kg3 Re5 47. Kf2 Rf5 48. g3 Re5 49. Bg2 Rf5+ 50. Ke3 Re5+ 51. Kd3 Kg8 52. Be4 Kf8 53. Ra7 Kg8 54. Bc6 Kf8 55. Rb7 Re1 56. Rb3 Ke7 57. Rb7+ Kf8 58. Rb3 Ke7 59. Kd2 Re5 60. Rb7+ Kf8 61. Rc7 Rf5 62. Ke3 Re5+ 63. Kf4 Rf5+ 64. Ke4 Kg7 65. Be8 Kf8 66. Bd7 Kg8 67. Bb5 Kf8 68. Bd3 Kg7 69. Ke3 Rd5 70. Be4 Rd8 71. Rxc5 Kf6 72. Rc7 Rb8 73. Bb7 Rd8 74. Bc6 Rb8 75. Ba4 Rd8 76. Bd7 Ke7 77. Bc6+ Kf6 78. Ke4 Rb8 79. Bb7 Rd8 80. Rc3 Rb8 81. Rc7 Rd8 82. Ke3 Rb8 83. Rd7 Rg8 84. Kd4 Re8 85. Ke4 Rb8 86. Kd3 Re8 87. Kd4 Re7 88. Rxe7 Kxe7 89. Ke5 f6+ 90. Ke4 g5 91. hxg5 fxg5 92. Ke5 g4 93. Bc6 h4 94. gxh4 Kf7 95. Kf4 Kg7 96. Kg5 g3 97. Bg2 e5 98. h5 e4 99. h6+ Kh8 100. Bxe4 g2 101. Bxg2 Kg8 102. Kg6 Kh8 103. h7 1/2-1/2

[Event "EICC 2025"]
[Site "Eforie-Nord"]
[Date "2025.03.17"]
[Round "3.21"]
[White "Bernadskiy, Vitaliy"]
[Black "Yordanov, Lachezar"]
[Result "1/2-1/2"]
[Annotator "RC"]
[ECO "A06"]
[WhiteElo "2529"]
[BlackElo "2361"]
[PlyCount "153"]
[EventDate "2025.03.14"]
[EventType "swiss"]
[EventCountry "ROU"]
[SourceTitle "playchess.com"]
[Source "ChessBase"]
[SourceQuality "1"]
[TimeControl "40/5400+30:1800+30"]

1. e3 d5 2. b3 Bf5 3. Nf3 e6 4. Bb2 Nf6 5. Nc3 Be7 6. h3 h6 7. Qe2 c5 8. g4 Bh7 9. Bg2 Nc6 10. d3 a6 11. a3 O-O 12. g5 hxg5 13. Nxg5 b5 14. h4 Bf5 15. Nb1 Rc8 16. Nd2 c4 17. bxc4 bxc4 18. dxc4 dxc4 19. Nxc4 Na5 20. Rd1 Qc7 21. Nxa5 Qxa5+ 22. c3 Bxa3 23. Ra1 Bxb2 24. Rxa5 Bxc3+ 25. Kf1 Bxa5 26. Bf3 Rc1+ 27. Kg2 Rxh1 28. Kxh1 Nh7 29. Nxh7 Bxh7 30. Qxa6 Bd8 31. h5 Bf6 32. Kg2 Rd8 33. e4 g6 34. Qb7 Rf8 35. Qc7 gxh5 36. Qf4 Bg7 37. Bxh5 e5 38. Qh4 f5 39. exf5 Bxf5 40. Bd1 Be6 41. Bc2 Rf6 42. Bh7+ Kf7 43. Qe4 Rh6 44. Qf3+ Ke7 45. Qa3+ Kf7 46. Be4 Bf6 47. Qc3 Rh4 48. Qc7+ Kf8 49. f3 Bf7 50. Qd6+ Kg7 51. Qd7 Kf8 52. Kg3 Rf4 53. Kf2 Rh4 54. Qd6+ Kg7 55. Ke3 Rh8 56. Qc7 Rd8 57. Kf2 Bh4+ 58. Kg2 Bf6 59. Kg3 Rd1 60. Qa7 Rd2 61. Bf5 Kg8 62. Qg1 Kf8 63. Qc5+ Kg7 64. Qa7 Kg8 65. Qe3 Rd4 66. Qh6 Bg7 67. Qb6 Kf8 68. Qc5+ Ke8 69. Be4 Kd7 70. Bf5+ Kd8 71. Qa3 Be8 72. Qb3 Rd6 73. Qg8 Bh6 74. Kg4 Ke7 75. Qh7+ Bf7 76. Qh8 Bf4 77. Qh4+ 1/2-1/2

[Event "EICC 2025"]
[Site "Eforie-Nord"]
[Date "2025.03.17"]
[Round "3.21"]
[White "Girel, Joseph"]
[Black "Yilmaz, Mustafa"]
[Result "1/2-1/2"]
[Annotator "TA"]
[ECO "E11"]
[WhiteElo "2498"]
[BlackElo "2576"]
[PlyCount "126"]
[EventDate "2025.03.14"]
[EventType "swiss"]
[EventCountry "ROU"]
[SourceTitle "playchess.com"]
[Source "ChessBase"]
[SourceQuality "1"]
[TimeControl "40/5400+30:1800+30"]

1. d4 Nf6 2. c4 e6 3. Nf3 d5 4. g3 Bb4+ 5. Bd2 a5 6. Bg2 O-O 7. Qc2 c5 {[%emt 0:00:14] E11: Bogo-Indian.} 8. cxd5 cxd4 9. Nxd4 Qb6 {[%emt 0:00:14] White has an edge.} 10. e3 exd5 11. a3 Bxd2+ 12. Nxd2 Nc6 13. N2f3 Bd7 14. O-O Nxd4 $146 (14... Rac8 15. Qb3 Qxb3 16. Nxb3 Ne4 17. Rfd1 a4 18. Nbd4 Na5 19. Ne5 Be8 20. Nf5 {1-0 Slawomir,W (2009)-Droin,A (2000) FICGS class A 000263 email 2022 (1)}) 15. Nxd4 Rfc8 16. Qe2 Rc4 17. Rfd1 Rac8 18. Bf1 h5 19. Qe1 R4c7 20. b4 Ra8 21. Rac1 axb4 22. Qxb4 Qxb4 (22... Rxc1 {simplifies} 23. Rxc1 Qxb4 24. axb4 b6) 23. axb4 Rxc1 24. Rxc1 Rc8 {[%emt 0:08:07] Prevents Rc7.} 25. Rxc8+ Bxc8 $14 {[%emt 0:01:28][%mdl 4096] Endgame KBN-KBN. The position is equal.} 26. f3 Kf8 27. h4 Ke7 28. Kf2 Bd7 29. Ke1 Kd6 30. Kd2 Ng8 31. Bd3 Ne7 32. Kc3 Ke5 33. Be2 Kd6 34. Bd1 Be8 35. Bc2 Bd7 36. Ne2 Bf5 37. Ba4 Bd7 38. Bc2 Bf5 39. Bb3 Be6 40. Nd4 Bd7 41. Kd3 Ke5 42. Bd1 {[%emt 0:00:00] Hoping for f4+.} Kd6 43. Be2 Bf5+ 44. Kd2 Bd7 45. Bd1 Be8 46. f4 g6 47. g4 hxg4 48. Bxg4 Bd7 49. Bf3 Kc7 50. Kc3 Kd6 51. Be2 Ng8 52. h5 gxh5 53. Bxh5 f6 54. Bd1 Ne7 55. Bc2 Be8 56. Nf5+ Nxf5 57. Bxf5 $11 {[%emt 0:00:00] KB-KB} Bh5 58. Kd4 b6 59. Bc8 Bf3 60. Bb7 Be4 61. Ba8 Ke6 62. Bc6 Kd6 63. Ba8 Ke6 {[%emt 0:00:05] Weighted Error Value: White=0.03 (flawless) /Black=0.02 (flawless)   Inaccurate:     	White=1     	Black=1      OK:         	White=20    	Black=33     Best:        	---       	Black=2} 1/2-1/2

[Event "EICC 2025"]
[Site "Eforie-Nord"]
[Date "2025.03.17"]
[Round "3.22"]
[White "Subelj, Jan"]
[Black "Kochavi, Ori"]
[Result "1-0"]
[Annotator "RC"]
[ECO "A22"]
[WhiteElo "2524"]
[BlackElo "2357"]
[PlyCount "75"]
[EventDate "2025.03.14"]
[EventType "swiss"]
[EventCountry "ROU"]
[SourceTitle "playchess.com"]
[Source "ChessBase"]
[SourceQuality "1"]
[TimeControl "40/5400+30:1800+30"]

1. c4 e5 2. Nc3 Nf6 3. g3 Bc5 4. Bg2 O-O 5. Nf3 d6 6. d4 exd4 7. Nxd4 a6 8. O-O Nbd7 9. b3 Re8 10. Bb2 Nf8 11. Qd2 c6 12. Rad1 Bd7 13. Rfe1 b5 14. b4 Bb6 15. Qf4 Qc7 16. c5 dxc5 17. Qxc7 Bxc7 18. bxc5 Rac8 19. Nxc6 Bxg3 20. Na7 Rxc5 21. hxg3 Rc7 22. Rxd7 N8xd7 23. Nc6 Nc5 24. Rc1 h6 25. Ba3 Nce4 26. Bxe4 Nxe4 27. Nd5 Rd7 28. Nce7+ Kh7 29. f3 Nxg3 30. Rd1 Kh8 31. Kf2 Nh5 32. Rh1 Nf6 33. Nxf6 gxf6 34. Rxh6+ Kg7 35. Nf5+ Kg8 36. Bb4 Rc7 37. e4 Re6 38. a3 1-0

[Event "EICC 2025"]
[Site "Eforie-Nord"]
[Date "2025.03.17"]
[Round "3.22"]
[White "Trost, Edvin"]
[Black "Gorshtein, Ido"]
[Result "1/2-1/2"]
[Annotator "TA"]
[ECO "A60"]
[WhiteElo "2457"]
[BlackElo "2569"]
[PlyCount "78"]
[EventDate "2025.03.14"]
[EventType "swiss"]
[EventCountry "ROU"]
[SourceTitle "playchess.com"]
[Source "ChessBase"]
[SourceQuality "1"]
[TimeControl "40/5400+30:1800+30"]

1. d4 Nf6 2. c4 e6 3. g3 c5 4. d5 exd5 5. cxd5 d6 6. Nf3 {[%emt 0:00:25][%cal Bg1f3,Bf3d2,Bd2c4][%mdl 32] A60: Modern Benoni: Early Divergences.} g6 7. a4 Bg7 8. Bg2 O-O 9. Nfd2 b6 $146 (9... Re8 10. O-O Nbd7 11. Na3 b6 12. h3 Bb7 13. e4 a6 14. Rb1 b5 15. axb5 axb5 16. Nxb5 {1-0 Petkov,M (2540)-Wafa,H (2368) Olympiad-45 Budapest 2024 (7.4)}) 10. Nc4 Ba6 11. Nba3 Qe7 12. O-O Nbd7 13. Bf4 Ne8 14. Qd2 Bxc4 15. Nxc4 Rd8 16. Rab1 Ne5 17. Bxe5 Bxe5 18. b4 cxb4 19. Qxb4 Bd4 20. Qd2 Bc5 21. a5 Qc7 22. Rfc1 Nf6 23. e3 Rb8 24. axb6 axb6 25. Qb2 Qe7 26. Ra1 Rfe8 27. Ra2 Ng4 {[%emt 0:02:59] [#] aiming for ...b5.} 28. Qb5 h5 (28... Nxe3 $2 29. Re2 $18 (29. fxe3 $2 {perishes.} Bxe3+ 30. Kh1 Bxc1 $19)) 29. h3 Ne5 ({Avoid the trap} 29... Nxe3 $2 30. Re1 $18) 30. Nxe5 Qxe5 {[%emt 0:00:07] Black is weak on the light squares} 31. Rc4 {[%emt 0:00:07] White wants to play Re4.} Ra8 32. Rca4 Rxa4 33. Rxa4 Rc8 34. Re4 Qa1+ (34... Qxd5 35. Re8+ Kh7 36. Bxd5) 35. Bf1 Ra8 {[%emt 0:00:51] The position is equal.} 36. Kg2 Qd1 37. Qc4 Qd2 38. Re7 Kf8 39. Qe4 Qb2 {[%emt 0:01:59] Weighted Error Value: White=0.06 (flawless) /Black=0.06 (flawless)   OK:         	White=13    	Black=16} 1/2-1/2

[Event "EICC 2025"]
[Site "Eforie-Nord"]
[Date "2025.03.17"]
[Round "3.23"]
[White "Kantor, Gergely"]
[Black "Mitsis, Georgios"]
[Result "1/2-1/2"]
[Annotator "TA"]
[ECO "C55"]
[WhiteElo "2563"]
[BlackElo "2376"]
[PlyCount "156"]
[EventDate "2025.03.14"]
[EventType "swiss"]
[EventCountry "ROU"]
[SourceTitle "playchess.com"]
[Source "ChessBase"]
[SourceQuality "1"]
[TimeControl "40/5400+30:1800+30"]

1. e4 e5 2. Nf3 Nc6 3. Bc4 Nf6 4. d3 Be7 5. O-O O-O 6. Nc3 d6 7. a4 $1 {[%emt 0:00:06][%mdl 4] is currently scoring better than 7.h3. C55: Two Knights: 4 d3, 4 d4 exd4 5 e5 and Max Lange Attack.} Be6 8. Nd5 Bxd5 9. exd5 Nb4 10. d4 Nbxd5 11. dxe5 dxe5 12. Nxe5 c6 13. Qf3 Qc7 14. Nd3 Bd6 15. g3 Rae8 16. Rd1 $146 (16. Bb3 a5 17. Bd2 Ne4 18. Rad1 Nxd2 19. Rxd2 Nf6 20. h4 Re7 21. Re1 Rxe1+ 22. Nxe1 {½-½ Kadric,D (2587)-Stojanovic,D (2464) Sarajevo Agentlocator rapid 2023 (8)}) 16... Nb6 17. Bb3 Nbd7 18. Be3 Ne4 19. Qf5 (19. Bxa7 b6 20. Bxb6 (20. Re1 $2 Ndf6 $19) 20... Qxb6 $19) 19... b6 20. c3 Re7 21. Bc2 Rfe8 22. a5 g6 23. axb6 axb6 24. Qf3 Re6 25. Ra2 Nec5 26. Nf4 Ne5 (26... Bxf4 $14 {should be considered.} 27. Bxf4 (27. Qxf4 Qxf4 28. Bxf4 Nf6 $14) 27... Ne5) 27. Qe2 $16 R6e7 28. Kg2 (28. b4 $16 Ncd7 29. Bb3) 28... b5 $11 29. b3 {[%emt 0:05:12] Prevents Nc4.} (29. Nh5 {is more complex.} Ncd7 30. Bg5 gxh5 31. Qxh5 Ng6 32. Bxe7 Bxe7 33. Re1) 29... Ncd7 30. Qd2 Bc5 31. Bxc5 Nxc5 32. Qd4 Nb7 33. Ra7 Rd7 34. Qe3 Rde7 35. Rda1 Ng4 36. Qf3 Ne5 37. Qd1 Rd7 38. Qe2 Rde7 39. h4 Kg7 40. Qe3 Kg8 41. Ra8 Rxa8 (41... Qd6 $14) 42. Rxa8+ $16 {[%emt 0:00:00] White attacks} Kg7 43. h5 {[%emt 0:00:00][%cal Oh5h6] White has more active pieces.} Ng4 {[%emt 0:01:07] [#]} (43... Nd8 $16) 44. h6+ $1 $18 Kxh6 45. Qc1 {[%emt 0:00:00] Ne6+ would kill now.} Qe5 (45... Kg7 46. Nh5+ gxh5 47. Qg5#) 46. Rg8 (46. Nxg6+ Ne3+ 47. Qxe3+ Qxe3 48. fxe3 hxg6 $16 (48... fxg6 49. Kf3 $11)) (46. Nd5+ $18 Kg7 47. Nxe7 Qxe7 48. Qf4) 46... Qe1 $1 $17 47. Qxe1 Rxe1 48. Nd3 {[%emt 0:00:00] Inhibits Rc1.} (48. Ra8 $142) 48... Re2 49. Bb1 (49. Bd1 $17 Rd2 50. Bxg4 Rxd3 51. Rb8) 49... f5 (49... Rd2 $1 $19 50. Re8 Nd6) 50. Kf1 Re6 51. Rc8 Rd6 52. Ke2 Nd8 53. f3 Nf6 54. Ne5 Nd5 (54... Kg7 $1 $15 55. Kf2 Nd5) 55. Bd3 $11 {[%emt 0:00:00][%cal Oc8d8] Hoping for Rxd8!.} Kg7 56. c4 bxc4 57. bxc4 Ne7 58. Ra8 Nf7 59. Nxf7 Kxf7 $15 {[%emt 0:00:05][%mdl 4096] Endgame KRB-KRN. Black is a pawn up.} 60. c5 Re6+ 61. Kd2 Re5 62. Bc4+ Kg7 63. Re8 g5 64. Kd3 (64. f4 $11 gxf4 65. gxf4) 64... Ng6 $2 (64... h5 $1 $19 65. Kd4 Re1) 65. Rc8 ({White should try} 65. Rg8+ $11 Kf6 66. Kd4) 65... Ne7 ({Black should try} 65... h5 $1 $15 66. Kd4 Re1 67. Rxc6 h4 68. Rc7+ Kh6 69. gxh4 gxh4) 66. Rc7 $2 (66. Re8 $1 $11 {and White has nothing to worry.}) 66... f4 (66... h5 $1 $19 67. Rd7 f4) 67. gxf4 (67. Kd4 $1 $11 Kf6 68. gxf4 gxf4 69. Bd3) 67... gxf4 $17 68. Kd4 (68. Rd7 $17 {might work better.}) 68... Kf6 $19 69. Bd3 {[%emt 0:00:07] [#]} h5 $1 70. Be4 $2 (70. Rd7 Rd5+ 71. Rxd5 Nxd5 72. Ke4) 70... h4 71. Ra7 h3 72. Ra2 Rh5 73. Rh2 Nf5+ $2 (73... Kg5 74. Ke5 Kh4+ 75. Kd6 Kg3) 74. Kd3 {[%emt 0:00:24] [#]} Ng3 $2 (74... Ng7 $1 $19 {and ...Kg5 should not be overlooked} 75. Ke2 Ne6 (75... Rxc5 76. Rxh3 Ne6 77. Rh6+ Ke7 78. Rh7+ Kd6 79. Rh6 $15)) 75. Bxc6 $11 {[%emt 0:00:07] The position is equal.} Nf1 76. Rh1 Ng3 (76... Rxc5 77. Rxf1 Rxc6 78. Rh1) 77. Rh2 $1 Nf1 78. Rh1 Ng3 {[%emt 0:00:29] What a bad dream for Black.   Weighted Error Value: White=0.16 (very precise) /Black=0.16 (very precise)   Loses game:     	White=1     	---        Missed win:     	White=1     	Black=1      Mistake:       	White=8     	Black=8      Inaccurate:     	White=3     	Black=7      OK:         	White=31    	Black=22     Best:        	White=3     	Black=4      Strong:       	White=1     	Black=2} (78... Rxc5 79. Rxh3 Ng3 80. Rh6+ Kg5 81. Re6) 1/2-1/2

[Event "EICC 2025"]
[Site "Eforie-Nord"]
[Date "2025.03.17"]
[Round "3.23"]
[White "Gubin, Dmitrii"]
[Black "Lashkin, Jegor"]
[Result "0-1"]
[Annotator "RC"]
[ECO "A13"]
[WhiteElo "2147"]
[BlackElo "2517"]
[PlyCount "156"]
[EventDate "2025.03.14"]
[EventType "swiss"]
[EventCountry "ROU"]
[SourceTitle "playchess.com"]
[Source "ChessBase"]
[SourceQuality "1"]
[TimeControl "40/5400+30:1800+30"]

1. c4 e6 2. g3 d5 3. Bg2 d4 4. Nf3 c5 5. O-O Ne7 6. e3 Nec6 7. exd4 cxd4 8. d3 Be7 9. Na3 O-O 10. Nc2 a5 11. a3 e5 12. Rb1 a4 13. Nb4 Re8 14. Re1 Nxb4 15. axb4 Bxb4 16. Rxe5 Rxe5 17. Nxe5 Qe7 18. Bd2 Bd6 19. f4 Bxe5 20. fxe5 Nd7 21. Qg4 Nc5 22. Qxd4 Nb3 23. Qe3 Nxd2 24. Qxd2 Qxe5 25. Re1 Qd4+ 26. Qe3 Qxe3+ 27. Rxe3 Kf8 28. Re5 a3 29. bxa3 Rxa3 30. Rc5 Bd7 31. Rc7 Rxd3 32. Rxb7 Rd1+ 33. Kf2 Rd2+ 34. Kf1 Be6 35. Rc7 Rc2 36. c5 Rc1+ 37. Kf2 Rc2+ 38. Kg1 g5 39. Be4 Rc1+ 40. Kf2 h5 41. h4 Rc4 42. Ke3 Rc3+ 43. Kf2 gxh4 44. gxh4 Rh3 45. c6 Rxh4 46. Ke3 Rg4 47. Rb7 Rg1 48. Rb1 Rg3+ 49. Kd4 Ke7 50. Rh1 Rg4 51. Ke3 h4 52. c7 Bc8 53. Kf3 f5 54. Bb1 Rc4 55. Re1+ Kf6 56. Re8 Rxc7 57. Rh8 Rc3+ 58. Kf4 Rc4+ 59. Ke3 Bd7 60. Bd3 Rg4 61. Be2 Re4+ 62. Kf3 Be6 63. Bd3 Rb4 64. Kg2 Bd5+ 65. Kh2 Rb2+ 66. Kg1 Rg2+ 67. Kf1 Rg4 68. Rf8+ Bf7 69. Ke2 Rg2+ 70. Kf1 Rg7 71. Rh8 Rg4 72. Rf8 Kg7 73. Rb8 Rg3 74. Be2 h3 75. Kf2 Rg2+ 76. Kf3 Rxe2 77. Kxe2 h2 78. Rb1 Bd5 0-1

[Event "EICC 2025"]
[Site "Eforie-Nord"]
[Date "2025.03.17"]
[Round "3.24"]
[White "Dehtiarov, Roman"]
[Black "Lodici, Lorenzo"]
[Result "0-1"]
[Annotator "TA"]
[ECO "D36"]
[WhiteElo "2376"]
[BlackElo "2559"]
[PlyCount "92"]
[EventDate "2025.03.14"]
[EventType "swiss"]
[EventCountry "ROU"]
[SourceTitle "playchess.com"]
[Source "ChessBase"]
[SourceQuality "1"]
[TimeControl "40/5400+30:1800+30"]

1. d4 Nf6 2. c4 e6 3. Nf3 d5 4. cxd5 exd5 5. Nc3 c6 6. Qc2 g6 7. Bg5 Be7 8. e3 Bf5 9. Bd3 Bxd3 10. Qxd3 Nbd7 11. h4 {[%emt 0:06:28] 11.Bh6 is setting a new trend. D36: Queen's Gambit Declined: Exchange Variation: Main line (5 Bg5 c6 6 Qc2).} Ng4 $5 {[%emt 0:03:38][%mdl 4] A promising side line.} 12. Bf4 $146 (12. Qc2 h5 13. O-O-O O-O 14. Kb1 Nb6 15. Ka1 Kg7 16. Bf4 Bd6 17. g3 Nc4 18. Rhe1 Re8 {½-½ Pinter,J (2518)-Michalczak,T (2339) Muensterland op 21st 2003 (6)}) 12... Ndf6 13. Ne5 {[%emt 0:04:14] White has an edge.} Nxe5 14. Bxe5 O-O 15. h5 (15. f3 $11) 15... Nxh5 $17 (15... gxh5 $2 16. Qf5 h6 17. Rh3 $18) 16. g4 Nf6 (16... Ng7 $17 17. e4 f6) 17. e4 $2 {[%emt 0:01:14] A sharp opening} (17. Qf1 $1 $11) 17... Qd7 (17... Nxg4 $2 18. Qh3 Nf6 (18... h5 $2 19. Qxg4 Bg5 20. f4 $18) 19. Bxf6 $18) ({Black should try} 17... Nxe4 $1 $17 {And now ...f6 would win.} 18. Nxe4 f6 (18... dxe4 19. Qh3 $11)) 18. Bxf6 $15 Bxf6 19. Qh3 Rfe8 (19... Bxd4 20. Qxh7#) (19... h5 $15 20. e5 Be7 21. gxh5 Qxh3 22. Rxh3 f6) 20. e5 $1 $11 h6 $36 {[%emt 0:06:40][%mdl 2048] Black is pushing.} 21. f4 $1 Bg7 22. O-O-O b5 23. f5 {[%emt 0:01:05] [#]} (23. Qf3 $11) 23... c5 $1 $17 {[%emt 0:02:48][%mdl 512] White is on the road to losing.} 24. f6 {[%emt 0:12:58] [#]} (24. Qf3 cxd4) 24... Bf8 25. Qe3 {[%emt 0:00:34] [#] and Rxh6 would now be decisive} cxd4 $1 (25... Qxg4 $2 26. Rxh6 g5 (26... cxd4 $2 27. Rdh1 $18) 27. Rhh1 $18) 26. Qxd4 Qc7 27. Kb1 Qxe5 28. Nxd5 (28. Nxb5 $17 Rab8 29. Qxe5 Rxe5 30. Nxa7) 28... Qxd4 $19 29. Rxd4 Rad8 30. Rhd1 Re6 31. a4 bxa4 32. Ka2 {[%emt 0:00:23] [#]} (32. Rxa4 $142 a6 33. Ka2) 32... a3 $1 33. b4 (33. bxa3 Kh7) 33... Kh7 34. g5 Re2+ 35. Kxa3 a5 36. gxh6 axb4+ (36... Kxh6 37. Ka4 $15) 37. Kb3 Re6 (37... Bxh6 38. R1d3 $11) 38. Kc4 Rc6+ (38... Bxh6 39. Rh1 g5 40. Kxb4 $11) 39. Kb3 Ra6 (39... Bxh6 40. Rh4 Rxd5 41. Rxd5 $17) 40. Kc4 Rb8 (40... Bxh6 41. Rh4 g5 42. Rh2 $11) 41. R4d3 (41. Kb3 {is a better defense.}) 41... b3 {[%emt 0:00:46] Black is clearly winning.} (41... Bxh6 42. Rh1 Rc8+ 43. Kxb4 Rb8+ 44. Kc5 Ra5+ 45. Kc6 Rc8+ 46. Kd7 $11) 42. Rb1 b2 (42... Kxh6 43. Rh1+ Kg5 44. Rg1+ Kf5 45. Rf1+ Kg5 46. Rg1+ Kf5 47. Rf1+ Kg5 48. Rg1+ $11) 43. Rd2 Rc6+ (43... Bxh6 $2 44. Rdxb2 Rc6+ 45. Kd4 $19) ({Weaker is} 43... Kxh6 44. Rh1+ Kg5 45. Rg1+ Kf5 46. Rf1+ Ke6 47. Nc7+ Ke5 48. Rd5+ Ke4 49. Nxa6 $11) 44. Kd3 Ba3 (44... Kxh6 45. Rbxb2 Rd8 46. Ke4 Re6+ 47. Kf3 $15) 45. Rc2 Rd6 46. Ke4 Re8+ {[%emt 0:00:04] Weighted Error Value: White=0.71/Black=0.19 (very precise)   Mistake:       	White=6     	Black=3      Inaccurate:     	White=3     	---        OK:         	White=6     	Black=12     Best:        	White=4     	Black=2      Strong:       	White=2     	Black=1      Brilliant:      	---       	Black=1} ({Not} 46... Kxh6 47. Rh2+ Kg5 48. Rg1#) 0-1

[Event "EICC 2025"]
[Site "Eforie-Nord"]
[Date "2025.03.17"]
[Round "3.24"]
[White "Pogorelskikh, Sofia"]
[Black "Suleymanli, Aydin"]
[Result "0-1"]
[Annotator "TA"]
[ECO "B48"]
[WhiteElo "2313"]
[BlackElo "2633"]
[PlyCount "114"]
[EventDate "2025.03.14"]
[EventType "swiss"]
[EventCountry "ROU"]
[SourceTitle "playchess.com"]
[Source "ChessBase"]
[SourceQuality "1"]
[TimeControl "40/5400+30:1800+30"]

1. e4 c5 2. Nf3 e6 3. d4 cxd4 4. Nxd4 Nc6 5. Nc3 Qc7 6. Be3 a6 7. Qf3 {[%emt 0:00:24] B48: Sicilian: Taimanov: 5 Nc3 Qc7 6 Be3 a6 without Be2.} b5 8. Nxc6 Qxc6 9. Bd3 {[%emt 0:00:51] White is slightly better.} b4 10. Ne2 Nf6 11. Nd4 Qc7 12. Qg3 (12. Bf4 $1 $11 Bd6 13. Bg3) 12... Qxg3 $15 13. hxg3 Ng4 14. Bd2 $146 (14. Ke2 Nxe3 15. Kxe3 Bc5 16. e5 d6 17. f4 dxe5 18. fxe5 Bb7 19. Be4 Bxd4+ 20. Kxd4 {0-1 Poljan,M (1953)-Dotzer,L (2339) Wch U14 Montesilvano 2023 (4)}) 14... Bc5 15. f3 Bxd4 16. fxg4 Bxb2 {[%emt 0:02:48][%csl Oa2,Oc2,Oe4,Og2,Og3,Og4] White has weak pawns} 17. Rb1 Be5 18. Bxb4 Bxg3+ 19. Ke2 Be5 20. g5 d6 21. Bd2 Ke7 (21... Bd7 $15) 22. a4 $11 a5 23. Rb3 Bd4 24. Rhb1 Ra7 (24... h6 $15) 25. Rb5 Bd7 26. Rb7 {[%emt 0:03:17] Threatens to win with Rxa7.} Rha8 27. Rxa7 Rxa7 28. Bb5 f6 29. Bxd7 Kxd7 30. gxf6 Bxf6 {[%emt 0:00:07][%mdl 4096] Endgame KRB-KRB. Black is a pawn up.} 31. Rb5 Bd8 32. Rh5 h6 33. Rb5 {[%emt 0:06:36] Repels Rb7} Ra8 34. Rb7+ Bc7 35. Rb5 (35. Rb3 $1 $11) 35... Kc6 36. Kd3 e5 37. Be3 h5 38. g3 {[%emt 0:01:00] Repels g5} Rg8 39. Rb1 Rf8 40. Ke2 Rg8 41. Kd3 $1 Rh8 42. Bg5 $2 {[%emt 0:09:58] [#] Now White is beyond hope.} (42. Rb3 $17 {keeps fighting.}) 42... Rf8 $1 $19 43. Ke2 {[%emt 0:00:24] Repels Rf3} Bb6 44. Rf1 {[%emt 0:04:19] Prevents Rf2+} (44. Be3 Bxe3 45. Kxe3) 44... Rxf1 45. Kxf1 {[%emt 0:00:05] KB-KB. Black is a pawn up.} d5 46. exd5+ Kxd5 47. Ke2 e4 48. Bd2 Kc4 49. Kf1 e3 50. Be1 g5 51. Ke2 g4 52. Kf1 Kd4 53. Ke2 Ke4 {[%emt 0:00:34] ( -> ...Bc7)} 54. c4 Bc7 {[%emt 0:00:18] Black mates.} 55. c5 {[%emt 0:02:35] [#]} h4 $1 56. gxh4 g3 57. h5 g2 {[%emt 0:00:09] Weighted Error Value: White=0.44/Black=0.07 (flawless)   Mistake:       	White=4     	Black=2      Inaccurate:     	White=2     	---        OK:         	White=19    	Black=15     Best:        	---       	Black=5      Strong:       	White=1     	Black=1} 0-1